 Dungeon Crawl Stone Soup version 0.31.0-9-g3a7656b989 (webtiles) character file.

Game seed: 6107529610866472492

4288 Gottschkopf the Zephyrmancer (level 10, -7/50 HPs)
             Began as a Deep Elf Air Elementalist on Jan 29, 2024.
             Was a Priest of Ru.
             Mangled by a vampire
             ... wielding a +0 vampiric bardiche
              (24 damage)
             ... in a bailey.
             The game lasted 00:23:32 (7373 turns).

Gottschkopf the Zephyrmancer (DEAE)                 Turns: 7373, Time: 00:23:33

Health: -7/50      AC:  6    Str:  5    XL:     10   Next: 10%
Magic:  27/34      EV: 16    Int: 25    God:    Ru [***...]
Gold:   311        SH:  5    Dex: 15    Spells: 13/28 levels left

rFire   . . .        y - +2 hand axe (pain)
rCold   . . .        (shield unavailable)
rNeg    . . .        a - +0 robe
rPois   .            F - +1 helmet
rElec   +            c - scarf {repulsion}
rCorr   .            t - +1 pair of gloves of Xyamehau {rElec}
SInv    .            (no boots)
Will    +....        i - amulet of reflection
Stlth   ++           (ring unavailable)
HPRegen 0.28/turn    r - ring of magical power
MPRegen 0.24/turn

%: repel missiles, reflection
@: no status effects
A: missing a hand
a: Renounce Religion, Draw Out Power


You were in a bailey.
You worshipped Ru.
Ru was most pleased with you.
You visited 2 branches of the dungeon, and saw 9 of its levels.
You also visited: Bailey.

You collected 347 gold pieces.
You spent 36 gold pieces at shops.

Inventory:

Hand Weapons
 y - a +2 hand axe of pain (weapon)
Missiles
 o - 4 silver javelins
Armour
 a - a +0 robe (worn)
 c - a scarf of repulsion (worn)
 t - the +1 pair of gloves of Xyamehau (worn) {rElec}
   (You found it on level 3 of the Dungeon)

   rElec:     It insulates you from electricity.
 F - a +1 helmet (worn)
Magical Staves
 s - a staff of earth
 v - a staff of fire
 x - a staff of alchemy
Jewellery
 e - a ring of fire
 g - a ring of positive energy
 i - an amulet of reflection (around neck)
 r - a ring of magical power (right hand)
 A - a +6 ring of dexterity
Wands
 B - a wand of flame (19)
Scrolls
 d - 3 scrolls of noise {unknown}
 j - 3 scrolls of enchant armour {unknown}
 k - 3 scrolls of fear {unknown}
 m - 4 scrolls of amnesia {unknown}
 n - 6 scrolls of teleportation {unknown}
 q - 8 scrolls of identify {unknown}
 w - 2 scrolls of immolation {unknown}
 z - a scroll of fog {unknown}
 D - a scroll of poison {unknown}
 E - a scroll of acquirement {unknown}
Potions
 b - 2 potions of magic
 f - a potion of haste {unknown}
 h - 3 potions of enlightenment {unknown}
 l - 4 potions of heal wounds {unknown}
 p - 2 potions of attraction {unknown}
 C - a potion of cancellation {unknown}
 G - a potion of invisibility {unknown}
 I - a potion of resistance {unknown}
Miscellaneous
 H - a lightning rod (4/4)


   Skills:
 + Level 8.7 Dodging
 - Level 2.4 Stealth
 + Level 9.9 Spellcasting
 - Level 4.2 Conjurations
 - Level 3.5 Summonings
 * Level 9.9 Air Magic


You had 13 spell levels left.
You knew the following spells:

 Your Spells              Type           Power      Damage    Failure   Level
a - Shock                 Conj/Air       100%       1d9       1%          1
b - Static Discharge      Conj/Air       96%        3-7/arc   1%          2
c - Swiftness             Air            58%        N/A       1%          3
d - Airstrike             Air            29%        2d(5-21)  1%          4
e - Slow                  Hex            48%        N/A       4%          1
f - Summon Lightning Spi  Summ/Air       46%        N/A       3%          4

Your spell library contained the following spells:

 Spells                   Type           Power      Damage    Failure   Level
 Call Canine Familiar     Summ           30%        N/A       3%          3
 Summon Ice Beast         Ice/Summ       21%        N/A       7%          3
 Confusing Touch          Hex            12%        N/A       16%         3
 Sigil of Binding         Hex            12%        N/A       16%         3
 Vampiric Draining        Necr           12%        2d6       16%         3
 Dimensional Bullseye     Hex/Tloc       6%         N/A       45%         4
 Summon Forest            Summ/Tloc      10%        N/A       54%         5
 Eringya's Noxious Bog    Alch           6%         4d6       100%        6
 Summon Hydra             Summ           15%        N/A       100%        7


Dungeon Overview and Level Annotations

Branches:
Dungeon (8/15)             Temple (1/1) D:5          Bailey (1/1)
   Lair: D:8-11

Altars:
Ashenzari
Cheibriados
Elyvilon
Fedhas
Gozag
Hepliaklqana
Nemelex Xobeh
Qazlal
Ru
Trog
Uskayaw
Wu Jian
Xom
Zin
The Shining One

Shops:
D:4 !   D:5 [


Innate Abilities, Weirdness & Mutations

You are missing a hand.


Message History

The zap hits something but does no damage.
Casting: Shock (safe; 1% risk of failure)
Confirm with . or Enter, or press ? or * to list all spells.
Aiming: Shock (safe; 1% risk of failure)
Press: ? - help, Shift-Dir - straight line You hear some strange, mumbled words.
You are confused.
Okay, then.
You hear some strange, mumbled words.
You are more confused.
Something hits your lightning spire! Something bites your lightning spire!
Something hits your lightning spire but does no damage.
Something bites your lightning spire but does no damage.
There is a large open door here.
You bump into the stone wall.
Something hits your lightning spire.
Something bites your lightning spire but does no damage.
Something hits your lightning spire! Something bites your lightning spire.
There is a large open door here.
Something tries to affect you, but you resist.
You bump into the stone wall.
You bump into the stone wall.
You feel less confused.
No target in view!
Casting: Shock (safe; 1% risk of failure)
Confirm with . or Enter, or press ? or * to list all spells.
An electric hum fills the air.
Your lightning spire disappears in a puff of smoke!
You hear some strange, mumbled words.
You are confused.
You hear some strange, mumbled words.
You are more confused.
You hear some strange, mumbled words.
Something tries to affect you, but you resist.
Something barely misses you. Something hits you!! Something barely misses you.
Something bites you but does no damage. Something hits you!!
* * * LOW HITPOINT WARNING * * *
You feel better. Something hits you!!
You die...

#..#...##...........♣.
#..#..).##............
#..##....#.....♣....♣.
#...##...##.♣....♣.♣..
#8......##............
######....##.......♣....#
##8...##...#........♣.....
#!.....##..#..............
#.|.##...#@.#.............#
# ##..8..#..............
#..'..#.......##'#...
#...#..#8..#####..#...
.....##.8#####.÷.'..####
#8...###### #...#### #####
#.÷÷# #####


You could see a friendly lightning spire (summoned).

Vanquished Creatures
  A two-headed ogre (D:8)
  A troll (D:5)
  Grinder (D:4)
  Menkaure (D:4)
  A water moccasin (D:8)
  4 orc warriors
  An ice beast (D:6)
  2 ogres
  4 centaurs
  2 scorpions
  2 bullfrogs
  A howler monkey (D:7)
  8 vampire bats (Bailey)
  3 wolf zombies (Bailey)
  A bombardier beetle (D:4)
  7 jellies
  A hound (D:4)
  2 orc priests (D:6)
  Crazy Yiuf (D:6)
  Natasha (thrice) (D:2)
  3 iguanas
  A sleepcap (D:6)
  2 orc wizards
  4 gnolls (D:6)
  8 adders
  A white imp (D:4)
  4 ribbon worms
  A dart slug (D:4)
  18 orcs
  6 endoplasms
  5 giant cockroaches
  10 goblins
  5 hobgoblins
  4 quokkas
  5 ball pythons
  13 bats
  4 frilled lizards
  12 kobolds
  17 orc zombies (Bailey)
  9 rats
179 creatures vanquished.

Vanquished Creatures (collateral kills)
  A gargoyle (Bailey)
  A water moccasin (D:8)
  4 wolf zombies (Bailey)
6 creatures vanquished.

Vanquished Creatures (others)
  A bullfrog (D:8)
  A goblin (D:3)
  A hobgoblin (D:3)
3 creatures vanquished.

Grand Total: 188 creatures vanquished

Notes
Turn   | Place    | Note
-------+----------+-------------------------------------------
     0 | D:1      | Gottschkopf the Deep Elf Air Elementalist began the quest
                  | for the Orb.
     0 | D:1      | Reached XP level 1. HP: 10/10 MP: 6/6
   177 | D:1      | Reached XP level 2. HP: 15/15 MP: 0/8
   265 | D:1      | Learned a level 2 spell: Static Discharge
  1247 | D:1      | Reached XP level 3. HP: 19/19 MP: 8/10
  1581 | D:2      | Noticed Natasha
  1669 | D:2      | Killed Natasha
  1670 | D:2      | Reached XP level 4. HP: 14/24 MP: 4/12
  1674 | D:2      | Learned a level 3 spell: Swiftness
  1796 | D:2      | Noticed Natasha
  1803 | D:2      | Killed Natasha
  1822 | D:2      | Noticed Natasha
  1825 | D:2      | Killed Natasha
  2082 | D:2      | Reached XP level 5. HP: 25/28 MP: 9/13
  2718 | D:3      | Found an opulent altar of Gozag.
  2729 | D:3      | Found a shimmering altar of Xom.
  2846 | D:3      | Found a hide-covered altar of Uskayaw.
  2862 | D:3      | Identified the +1 pair of gloves of Xyamehau {rElec}
  2926 | D:3      | Found a glowing golden altar of the Shining One.
  2926 | D:3      | Found a white marble altar of Elyvilon.
  2927 | D:3      | Found a glowing silver altar of Zin.
  3095 | D:4      | Noticed Grinder
  3106 | D:4      | Killed Grinder
  3107 | D:4      | Reached skill level 5 in Spellcasting
  3107 | D:4      | Reached XP level 6. HP: 13/32 MP: 15/16
  3206 | D:4      | Noticed Menkaure
  3268 | D:4      | Killed Menkaure
  3269 | D:4      | Reached XP level 7. HP: 35/36 MP: 17/17
  3274 | D:4      | Learned a level 4 spell: Airstrike
  3316 | D:4      | Found a broken altar of Ashenzari.
  3342 | D:4      | Reached skill level 5 in Air Magic
  3510 | D:4      | Reached skill level 5 in Dodging
  3894 | D:4      | Found Inuim's Distillery.
  3899 | D:4      | Bought a potion of curing for 36 gold pieces
  4087 | D:5      | Entered Level 5 of the Dungeon
  4259 | D:5      | Noticed a troll
  4273 | D:5      | Killed a troll
  4274 | D:5      | Reached XP level 8. HP: 10/41 MP: 11/20
  4444 | D:5      | Found a staircase to the Ecumenical Temple.
  4459 | Temple   | Entered the Ecumenical Temple
  4485 | Temple   | Became a worshipper of Ru the Awakened
  4628 | D:5      | Found Lyiteurch's Antique Armour Shop.
  4636 | D:5      | Learned a level 1 spell: Slow
  5280 | D:6      | Found a runed translucent door.
  5281 | D:6      | Noticed Crazy Yiuf
  5428 | D:6      | Reached XP level 9. HP: 45/45 MP: 23/23
  5633 | D:6      | Killed Crazy Yiuf
  6008 | D:7      | Got the Almanac of Accompaniment
  6014 | D:7      | Learned a level 4 spell: Summon Lightning Spire
  6088 | D:7      | Gained mutation: You are missing a hand. [Ru sacrifice]
  6088 | D:7      | Reached * piety under Ru
  6088 | D:7      | Reached ** piety under Ru
  6088 | D:7      | Reached *** piety under Ru
  6210 | D:7      | Reached skill level 1 in Summonings
  6398 | D:8      | Noticed a two-headed ogre
  6398 | D:8      | Noticed a two-headed ogre
  6411 | D:8      | HP: 2/45 [/static electricity (1)]
  6412 | D:8      | Killed a two-headed ogre
  6571 | D:8      | Found a flagged portal.
  6621 | Bailey   | Entered a bailey
  6939 | Bailey   | Noticed a gargoyle
  6969 | Bailey   | Killed a gargoyle
  6970 | Bailey   | Reached XP level 10. HP: 47/50 MP: 6/25
  7373 | Bailey   | Mangled by a vampire

Illustrated notes

Levels and vault maps discovered:
D:1:      nicolae_arrival_washed_ashore, layout_basic
D:2:      layout_basic, minmay_heptomino_w4, uniq_natasha
D:3:      layout_basic, good_gods_temple_1, nicolae_uskayaw_dance_hall,
          xom_confusion_cloud, nicolae_gozag_seed_capital,
          chequers_serial_rivers_micro_d
D:4:      layout_loops_cross, mainiacjoe_overflow_boulevard, serial_shops,
          nicolae_shop_just_a_little_nook, st_stairs_2, minmay_misc_feat_chi,
          uniq_grinder, uniq_menkaure
D:5:      layout_basic, minmay_temple_entry_statues_fountains, serial_shops,
          nicolae_shop_advertising_works [nicolae_subvault_shop_adworks],
          minmay_misc_feat_nine_boxes
D:6:      layout_basic, serial_rivers, chequers_serial_rivers_micro_e,
          chequers_serial_rivers_marsh, chequers_serial_rivers_room_b,
          chequers_serial_rivers_small_a, chequers_serial_rivers_micro_a,
          chequers_serial_rivers_micro_c, uniq_crazy_yiuf_cottage
D:7:      layout_gridville
D:8:      lemuel_slime, layout_rooms, serial_shops, shop, enter_bailey_2,
          nicolae_shop_dragon_depot, nzn_random_ring
Temple:   nicolae_temple_superstar
Bailey:   bailey_polearm_vampire_castle_hellmonk, bailey

Skill      XL: |  1  2  3  4  5  6  7  8  9 |
---------------+----------------------------+-----
Conjurations   | 2 3 4 |  4.2
Spellcasting   | 4 5 7 8 9 |  9.9
Dodging        | 3 4 5 7 8 |  8.7
Air Magic      | 4 6 8 9 |  9.9
Summonings     | 3 |  3.5
Stealth        | |  2.4

Action                     |  1- 3 |  4- 6 |  7- 9 | 10-12 || total
---------------------------+-------+-------+-------+-------++-------
  Melee: Unarmed           |     6 |       |       |       ||     6
   Cast: Shock             |    77 |    99 |   242 |    19 ||   437
         Static Discharge  |       |     1 |    38 |     9 ||    48
         Swiftness         |       |     1 |     1 |       ||     2
         Airstrike         |       |       |     5 |       ||     5
         Summon Lightning  |       |       |     3 |     4 ||     7
         Slow              |       |       |     1 |       ||     1
 Invoke: Draw Out Power    |       |       |     1 |       ||     1
         Sacrifice a Hand  |       |       |     1 |       ||     1
    Use: Potion            |       |       |       |     1 ||     1
 Armour: Robe              |     9 |     9 |    62 |    28 ||   108
  Dodge: Dodged            |    23 |     9 |    64 |    12 ||   108
         Repelled          |       |       |     3 |       ||     3
  Block: Other             |       |       |    20 |     4 ||    24
         Reflection        |       |       |     5 |       ||     5
